 Dungeon Crawl Stone Soup version 0.24.1-14-gf8d2b509d9 (console) character file.

Game seed: 6956717642992681961, levelgen mode: deterministic

44 Kagalorn the Skirmisher (level 3, -1/31 HPs)
             Began as a Minotaur Wanderer on July 15, 2021.
             Slain by Natasha (6 damage)
             ... on level 2 of the Dungeon.
             The game lasted 00:03:29 (1790 turns).

Kagalorn the Skirmisher (Minotaur Wanderer)         Turns: 1790, Time: 00:03:30

Health: -1/31      AC:  2    Str: 15    XL:     3   Next: 39%
Magic:  2/2        EV: 11    Int: 11    God:
Gold:   64         SH:  0    Dex:  9    Spells: 2/2 levels left

rFire    . . .     SeeInvis .   a - +0 quarterstaff
rCold    . . .     Gourm    .   (shield currently unavailable)
rNeg     . . .     Faith    .   d - +0 robe
rPois    .         Spirit   .   (helmet restricted)
rElec    .         Reflect  .   (no cloak)
rCorr    .         Harm     .   (no gloves)
MR       .....                  (no boots)
Stlth    +.........             (no amulet)
HPRegen  0.10/turn              (no ring)
MPRegen  0.08/turn              (no ring)

@: no status effects
A: retaliatory headbutt, horns 2
a: no special abilities


You were on level 2 of the Dungeon.
You were hungry.

You visited 1 branch of the dungeon, and saw 2 of its levels.

You collected 64 gold pieces.

Inventory:

Hand Weapons
 a - a +0 quarterstaff (weapon)
Missiles
 e - 16 stones (quivered)
 g - 35 arrows
 k - 21 bolts
Armour
 d - a +0 robe (worn)
Jewellery
 c - an uncursed ring of protection from fire {unknown}
Scrolls
 b - 4 scrolls of identify {unknown}
 h - 2 scrolls of teleportation {unknown}
 i - a scroll of fog {unknown}
 j - a scroll of noise {unknown}
Potions
 l - a potion of agility {unknown}
 m - a potion of haste {unknown}
 n - a potion of flight {unknown}
Comestibles
 f - 4 rations


   Skills:
 + Level 3.4 Fighting
 + Level 2.6 Staves
 + Level 1.6 Armour
   Level 1.2 Shields
   Level 2.0 Hexes
   Level 1.3 Poison Magic
   Level 1.0 Evocations


You had 2 spell levels left.
You didn't know any spells.
Your spell library contained the following spells:

 Spells                   Type           Power        Failure   Level  Hunger
 Corona                   Hex            #......      16%         1    ##.....
 Apportation              Tloc           #.....       34%         1    ##.....
 Ensorcelled Hibernation  Hex/Ice        #.....       34%         2    ###....
 Confuse                  Hex            #.......     43%         3    ####...
 Tukima's Dance           Hex            #.......     43%         3    ####...
 Dazzling Spray           Conj/Hex       #.....       56%         3    ####...
 Portal Projectile        Hex/Tloc       #.....       56%         3    ####...


Dungeon Overview and Level Annotations

Branches:
Dungeon (2/15)

Altars:
Dithmenos
Makhleb
Zin

Annotations:
D:2 Natasha


Innate Abilities, Weirdness & Mutations

You reflexively headbutt those who attack you in melee.
You have a pair of horns on your head.


Message History

You feel troubled. Natasha claws you!
You are too injured to fight recklessly!
You are too injured to fight recklessly!
You are too injured to fight recklessly!
You are too injured to fight recklessly!
You hit Natasha. Your headbutt misses Natasha.
Natasha is lightly wounded.
Natasha claws you.
You barely miss Natasha.
Natasha is lightly wounded.
Natasha misses you.
You hit Natasha. Your headbutt misses Natasha.
Natasha is moderately wounded.
Natasha claws you.
* * * LOW HITPOINT WARNING * * *
You barely miss Natasha.
Natasha is moderately wounded.
Natasha claws you.
You die...

##.# #.#.#
######.## #.# #.#.#
#.# #.# #.#.# #.#
#.# #.#.# #.# #.#
#.#.# #.# ##.#
#.#.#############.#
.#.#
#...............#
.#.#
######.##########
...# #.h@.# .###
##.#.###### .#
...#...†..# .#
.....######.# '####
#...#. #.# ....#
#.###. #.# ....# #.
#. #.# ....# # #.
#.# ....# #.#


You could see Natasha.

Vanquished Creatures
  A worm (D:2)
  A dart slug (D:1)
  2 leopard geckos (D:2)
  7 bats
  A giant cockroach (D:2)
  A goblin (D:1)
  4 hobgoblins
  6 jackals (D:1)
  2 frilled lizards
  4 kobolds
  5 rats
34 creatures vanquished.

Notes
Turn   | Place    | Note
-------+----------+-------------------------------------------
     0 | D:1      | Kagalorn the Minotaur Wanderer began the quest for the Orb.
     0 | D:1      | Kagalorn set off with the following items: a +0
                  | quarterstaff, a +0 robe, a ration; and the following spells
                  | available to memorise: Corona, Apportation, Ensorcelled
                  | Hibernation, Confuse, Tukima's Dance, Dazzling Spray,
                  | Portal Projectile
     0 | D:1      | Reached XP level 1. HP: 18/18 MP: 0/0
    80 | D:1      | Reached XP level 2. HP: 23/25 MP: 1/1
   127 | D:1      | Reached skill level 3 in Fighting
   492 | D:1      | Reached skill level 1 in Armour
   701 | D:2      | Found a glowing silver altar of Zin.
  1073 | D:2      | Reached XP level 3. HP: 23/31 MP: 2/2
  1542 | D:2      | Found a burning altar of Makhleb.
  1542 | D:2      | Found a shadowy altar of Dithmenos.
  1777 | D:2      | Noticed Natasha
  1790 | D:2      | Slain by Natasha

Levels and vault maps discovered:
D:1:      minmay_arrival_shoal_huts, layout_basic
D:2:      layout_basic, gammafunk_temple_overflow_pools, zin_statuary,
          first_ration, grunt_ministairs_12, uniq_natasha

Skill      XL: |  1  2 |
---------------+-------+-----
Staves         | 2 |  2.6
Fighting       | 3 |  3.4
Armour         | 1 |  1.6
Shields        | |  1.2
Hexes          | |  2.0
Poison Magic   | |  1.3
Evocations     | |  1.0

Action                   || total
-------------------------++-------
Melee: Quarterstaff      ||    82
       Headbutt          ||     9
  Eat: Chunk             ||     2
Armor: Robe              ||    18
Dodge: Dodged            ||    47
